AoeStats
← CASTORJHON

Oasis

509443935Analyzed
2v2 RM · 5d ago on Sep 26, 2026· 37m 30s· 4 players
Game mode
Random Map
Map size
Medium (4 player)
Population
200
Speed
Normal
Resources
Standard
Victory
Conquest
Starting age
Dark Age
Ending age
Imperial Age
RankedLock teamsTeams togetherTeam positionsShared explorationLock speedFull tech treeHidden civsTurbo modeCheats
Victory
Defeat
🇩🇪 Britons · Germany
1157
+14
🇸🇪 Varangians · Sweden
1098
+16
🇲🇽 Japanese · Mexico
1106
-15
🇲🇽 Danes · Mexico
1105
-15
CASTORJHON
6:08 Loom
10:27 Feudal Age
10:57 Man-at-Arms
11:47 Double-Bit Axe
20:27 Castle Age
18:18 Fletching
18:29 Padded Archer Armor
19:12 Forging
20:13 Gold Mining
29:17 Bodkin Arrow
31:44 Wheelbarrow
39:50 Imperial Age
JoseTezcaltlipoca
0:26 Loom
15:44 Feudal Age
17:28 Man-at-Arms
19:57 Forging
20:00 Scale Mail Armor
19:50 Arson
21:33 Town Watch
25:35 Horse Collar
26:01 Double-Bit Axe
29:10 Castle Age
27:40 Gold Mining
28:32 Scale Barding Armor
28:58 Bloodlines
30:11 Squires
29:57 Gambesons
30:51 Pikeman
33:04 Heavy Plow
37:21 Chain Barding Armor
37:37 Iron Casting
Haggybaer
8:35 Loom
10:54 Feudal Age
13:53 Fletching
14:22 Double-Bit Axe
14:29 Gold Mining
16:48 Horse Collar
17:38 Padded Archer Armor
21:06 Wheelbarrow
24:43 Castle Age
26:14 Hand Cart
25:25 Crossbowman
26:49 Bodkin Arrow
27:58 Ballistics
28:48 Bow Saw
30:02 Leather Archer Armor
30:01 Masonry
34:18 Imperial Age
32:37 Town Watch
35:00 Yeomen
36:11 Arbalester
36:55 Bracer
38:33 Ring Archer Armor
sthlm
3:35 Loom
11:35 Feudal Age
14:26 Bloodlines
15:30 Forging
15:32 Scale Barding Armor
17:09 Forging
18:37 Double-Bit Axe
20:40 Horse Collar
24:14 Castle Age
25:39 Castle Age
28:03 Gold Mining
29:17 Wheelbarrow
28:53 Bow Saw
28:46 Husbandry
29:36 Chain Barding Armor
33:05 Iron Casting
35:43 Vendel Legacy
Connection lost

Rejoining the realm…

Still unreachable

The connection could not be restored.

Session expired

The server has moved on; the page needs a fresh start.